 Dungeon Crawl Stone Soup version 0.19.1-1-g22dce08 (webtiles) character file.

28 SQman the Vexing (level 2, -1/23 HPs)
             Began as a Draconian Arcane Marksman on Jan 6, 2017.
             Slain by a shadow imp (3 damage)
             ... summoned by Natasha
             ... on level 2 of the Dungeon.
             The game lasted 00:10:03 (1318 turns).

SQman the Vexing (Draconian Arcane Marksman)        Turns: 1318, Time: 00:10:04

Health: -1/23      AC:  4    Str: 13    XL:     2   Next: 96%
Magic:  2/3        EV: 12    Int: 13    God:
Gold:   70         SH:  0    Dex: 10    Spells: 2 memorised, 0 levels left

rFire  . . .     SeeInvis .     i - +0 short sword
rCold  . . .     Gourm    .     (armour unavailable)
rNeg   . . .     Faith    .     (no shield)
rPois  .         Spirit   .     (helmet restricted)
rElec  .         Reflect  .     (no cloak)
rCorr  .         Harm     .     (no gloves)
MR     .....                    (no boots)
Stlth  +.........               (no amulet)
                                (no ring)
                                (no ring)

@: slowed, very slow
A: unfitting armour, cold-blooded, AC +4
a: no special abilities


You were on level 2 of the Dungeon.
You were not hungry.

You visited 1 branch of the dungeon, and saw 2 of its levels.

You collected 70 gold pieces.

Inventory:

Hand Weapons
 a - a +0 shortbow
 b - a +0 short sword
 i - a +0 short sword (weapon)
Missiles
 c - 38 arrows
Scrolls
 k - a scroll of identify
Potions
 f - a potion of heal wounds
 h - a potion of lignification
Books
 e - a book of Debilitation

   Spells                             Type                      Level
   a - Corona                         Hexes                        1
   b - Slow                           Hexes                        2
   c - Gell's Gravitas                Hexes/Translocation          3
   d - Inner Flame                    Hexes/Fire                   3
   e - Cause Fear                     Hexes                        4
   f - Leda's Liquefaction            Hexes/Earth                  4
Comestibles
 d - a bread ration
 g - a slice of pizza
 j - a chunk of flesh


   Skills:
 + Level 1.3 Fighting
 + Level 0.6 Short Blades
 + Level 2.2 Bows
 + Level 2.0 Dodging
 + Level 1.0 Spellcasting
 + Level 3.1 Hexes


You couldn't memorise any spells.
You knew the following spells:

 Your Spells              Type           Power        Failure   Level  Hunger
a - Corona                Hex            #......      10%         1    ##.....
b - Slow                  Hex            #.......     14%         2    ###....


Dungeon Overview and Level Annotations

Branches:
Dungeon (2/15)

Altars:
Uskayaw

Annotations:
D:2 Natasha


Innate Abilities, Weirdness & Mutations

Your plain brown scales are hard. (AC +4)
You cannot fit into any form of body armour.
You are cold-blooded and may be slowed by cold attacks.


Message History

The magic dart hits you! The shadow imp completely misses you.
Natasha misses you.
You hit the shadow imp.
You kill the shadow imp!
Natasha mumbles some strange words.
You closely miss the hobgoblin.
The hobgoblin hits you but does no damage.
Natasha casts a spell at you.
You feel yourself slow down.
You hit the hobgoblin but do no damage. The hobgoblin closely misses you.
Natasha howls an incantation.
You feel disoriented. Natasha closely misses you.
The shadow imp closely misses you. The hobgoblin barely misses you.
You hit the shadow imp.
The shadow imp is lightly wounded.
Natasha claws you!
* * * LOW HITPOINT WARNING * * *
The shadow imp hits you.
You die...

#...#.#.### #...#.#
#......#.## #...#.#
#.....###.# #...#.#
#......#.## #......
#.....#.## ##.....
###..#### ########..
##.#####.## ........<..
........5h###.####.#####.
##.####.@gl....(... #.
#.###..####.. .. #.# ...#
#. #.# ...(# .. #.# h...#
.. #.. _..... .. #.#
l...#.# #. ....#..


You could see Natasha, a shadow imp, a hobgoblin and a frilled lizard.

Vanquished Creatures
  An ooze (D:1)
  A dart slug (D:1)
  A leopard gecko (D:1)
  5 hobgoblins (D:1)
  3 bats
  2 frilled lizards
  4 goblins (D:1)
  3 kobolds
  A rat (D:1)
21 creatures vanquished.

Notes
Turn   | Place    | Note
-------+----------+-------------------------------------------
     0 | D:1      | SQman the Draconian Arcane Marksman began the quest for the Orb.
     0 | D:1      | Reached XP level 1. HP: 16/16 MP: 2/2
   389 | D:1      | Reached skill level 3 in Hexes
   389 | D:1      | Reached XP level 2. HP: 15/23 MP: 3/3
   393 | D:1      | Learned a level 2 spell: Slow
  1301 | D:2      | Found a hide-covered altar of Uskayaw.
  1301 | D:2      | Noticed Natasha
  1318 | D:2      | Slain by a shadow imp

Skill      XL: |  1  2 |
---------------+-------+-----
Hexes          | 3 |  3.1
Dodging        | 2 |  2.0
Bows           | 2 |  2.2
Fighting       | |  1.3
Short Blades   | |  0.6
Spellcasting   | |  1.0

Action                   || total
-------------------------++-------
Melee: Short sword       ||    71
       Tailslap          ||     3
       Shortbow          ||    13
 Fire: Shortbow          ||    45
 Cast: Corona            ||     6
       Slow              ||     1
  Use: Potion            ||     3
       Scroll            ||     2
 Stab: Sleeping          ||     1
  Eat: Meat ration       ||     1
Armor: Skin              ||    29
Dodge: Dodged            ||    66
